 Dungeon Crawl Stone Soup version 0.31.0-9-g3a7656b989 (webtiles) character file.

Game seed: 8191779092850177782

61 qw the Shooter (level 3, -13/18 HPs)
             Began as a Spriggan Hunter on Feb 2, 2024.
             Killed by divine providence
             ... invoked by an orc priest
              (15 damage)
             ... on level 3 of the Dungeon.
             The game lasted 00:00:04 (1339 turns).

qw the Shooter (Spriggan Hunter)                    Turns: 1339, Time: 00:00:05

Health: -13/18     AC:  2    Str:  7    XL:     3   Next: 83%
Magic:  4/4        EV: 19    Int: 10    God:
Gold:   108        SH:  0    Dex: 20    Spells: 2/2 levels left

rFire   . . .        a - +0 shortbow
rCold   . . .        (shield currently unavailable)
rNeg    . . .        c - +0 robe
rPois   .            (helmet restricted)
rElec   .            (no cloak)
rCorr   .            (gloves unavailable)
SInv    +            (boots unavailable)
Will    .....        (no amulet)
Stlth   ++           (no ring)
HPRegen 0.23/turn    (no ring)
MPRegen 0.09/turn

%: no passive effects
@: very quick
A: very small, no large weapons, unfitting armour, see invisible, speed 3
a: no special abilities


You were on level 3 of the Dungeon.
You visited 1 branch of the dungeon, and saw 3 of its levels.

You collected 108 gold pieces.


Innate Abilities, Weirdness & Mutations

You are very small and have problems with some larger weapons.
You are too small for most types of armour.
You have supernaturally acute eyesight. (SInv)
You cover ground extremely quickly. (Speed+++)


   Skills:
 - Level 1.5 Fighting
 - Level 5.0 Ranged Weapons
 + Level 4.0 Dodging
 - Level 1.5 Stealth


You had 2 spell levels left.
You didn't know any spells.
Your spell library was empty.

Inventory:

Hand Weapons
 a - a +0 shortbow (weapon)
Armour
 c - a +0 robe (worn)
Potions
 d - a potion of might
 f - a potion of enlightenment {unknown}

Dungeon Overview and Level Annotations

Branches:
Dungeon (3/15)

Altars:
Fedhas

Shops:
D:2 [


Message History

You struggle to resist.
The adder misses you. The adder barely misses you. The orc priest misses you.
You shoot an arrow. The arrow hits the adder.
The adder is severely wounded.
You feel sick. The adder closely misses you. The orc priest misses you.
You shoot an arrow. The arrow barely misses the adder.
You feel sick.
You are no longer poisoned.
The adder misses you. The orc priest misses you.
You shoot an arrow. The arrow hits the adder.
The adder is almost dead.
The adder bites you. The adder completely misses you.
The orc priest barely misses you.
You shoot an arrow. The arrow closely misses the adder.
A bat comes into view.
The adder barely misses you. The orc priest closely misses you.
The bat moves out of view.
You shoot an arrow. The arrow barely misses the adder.
The adder completely misses you. The orc priest closely misses you.
The adder bites you.
You shoot an arrow. The arrow misses the adder.
The orc priest misses you. The adder misses you.
You shoot an arrow. The arrow closely misses the adder.
The adder closely misses you.
The orc priest invokes the aid of Beogh against you.
Pain shoots through your body!
Ouch! That really hurt!
The adder closely misses you.
You shoot an arrow. The arrow hits the adder!
You kill the adder!
The bat closely misses you.
The orc priest begins to cast a cantrip, but forgets the words!
Your Ranged Weapons skill increases to level 5!
You shoot an arrow. The arrow hits the orc priest.
The orc priest is lightly wounded.
The bat barely misses you.
The orc priest calls down the wrath of Beogh upon you.
Beogh smites you!
Ouch! That really hurt!
You die...

. ## ## .. #.
.# ... . . # .
#... .#. .#.#
#...##b##.....
#......o......
#....@.#
#.....##
#.......
#.......#
#.......#
##.....##
##...## ####


You could see an orc priest and a bat.

Vanquished Creatures
  2 adders
  4 ball pythons
  2 bats
  6 endoplasms
  A giant cockroach (D:1)
  3 goblins
  4 hobgoblins
  4 jackals (D:1)
  3 kobolds
  2 quokkas
  2 frilled lizards (D:1)
  4 rats
37 creatures vanquished.

Notes
Turn   | Place    | Note
-------+----------+-------------------------------------------
     0 | D:1      | qw the Spriggan Hunter began the quest for the Orb.
     0 | D:1      | Reached XP level 1. HP: 10/10 MP: 2/2
     0 | D:1      | 0 ||| qw: Version: 0.3-a-155-g5e7d8dd
     0 | D:1      | 0 ||| qw: Game counter: 700
     0 | D:1      | 0 ||| qw: Melee chars always use a shield: true
     0 | D:1      | 0 ||| qw: God list: Okawaru
     0 | D:1      | 0 ||| qw: Allow faded altars: false
     0 | D:1      | 0 ||| qw: Do Orc after clearing Dungeon:15 true
     0 | D:1      | 0 ||| qw: Do second Lair branch before Depths: true
     0 | D:1      | 0 ||| qw: Lair rune preference: random
     0 | D:1      | 0 ||| qw: Goals: Normal
     0 | D:1      | 0 ||| PLANNING D:1-11
    14 | D:1      | Reached skill level 3 in Dodging
   114 | D:1      | Reached XP level 2. HP: 14/14 MP: 3/3
   330 | D:1      | Found a faded altar of an unknown god.
   419 | D:1      | Reached XP level 3. HP: 18/18 MP: 4/4
   470 | D:1      | 470 ||| READING scroll labelled ITRIMOS QIUJEERPH.
   471 | D:1      | 471 ||| DROPPING scroll of butterflies.
   473 | D:1      | 473 ||| Stepping ~*~*~tactically~*~*~ (cloud).
   477 | D:1      | HP: 4/18 [poisoned by you (poison gas)]
   480 | D:1      | HP: 1/18 [poisoned by you (poison gas)]
   722 | D:2      | Found Zahoov's Antique Armour Shoppe.
   817 | D:2      | Found a blossoming altar of Fedhas.
  1251 | D:2      | 1251 ||| READING scroll labelled SOOM KEXTEASK.
  1252 | D:2      | 1252 ||| READING scroll labelled LIUZXU LUESOU.
  1252 | D:2      | 1252 ||| IDENTIFYING smoky pink potion
  1253 | D:2      | 1253 ||| READING 2 scrolls labelled WYNESI SAGEAKK.
  1254 | D:2      | 1254 ||| READING scroll labelled SOTIOT BISKO.
  1254 | D:2      | 1254 ||| ENCHANTING +0 shortbow.
  1255 | D:2      | 1255 ||| DRINKING 2 viscous emerald potions.
  1256 | D:2      | 1256 ||| DROPPING potion of magic.
  1257 | D:2      | 1257 ||| DROPPING scroll of fear.
  1282 | D:3      | 1282 ||| STAIRDANCE
  1337 | D:3      | HP: 1/18 [orc priest/nerve-wracking pain (10)]
  1339 | D:3      | Reached skill level 5 in Ranged Weapons
  1339 | D:3      | Killed from afar by an orc priest

Levels and vault maps discovered:
D:1:      wander_arrival_fairy_ring, layout_rooms,
          dreamdust_ecumenical_altar_angels_and_demons
D:2:      layout_basic, serial_shops, nicolae_shop_dealshenge, basic_altar
D:3:      layout_rooms, minmay_ruptured, uniq_terence, uniq_sigmund

Skill      XL: |  1  2  3 |
---------------+----------+-----
Dodging        | 3 4 |  4.0
Ranged Weapons | 5 |  5.0
Fighting       | |  1.5
Stealth        | |  1.5

Action                     || total
---------------------------++-------
   Fire: Shortbow          ||   128
    Use: Scroll            ||     5
         Potion            ||     1
 Armour: Robe              ||    28
  Dodge: Dodged            ||    73

Table legend:
 A = Non-vault XP
 B = Vault XP
 C = Vault XP percentage of total XP
 D = Non-vault monster count
 E = Vault monster count
 F = Vault count percentage of total count
                 A         B        C        D         E       F
            +---------+---------+-------+---------+---------+-------
      Total |      74 |      14 |  15.9 |      36 |       1 |   2.7
            +---------+---------+-------+---------+---------+-------
        D:1 |      43 |       0 |   0.0 |      24 |       0 |   0.0
        D:2 |      31 |       0 |   0.0 |      12 |       0 |   0.0
        D:3 |       0 |      14 | 100.0 |       0 |       1 | 100.0
            +---------+---------+-------+---------+---------+-------
